 Dungeon Crawl Stone Soup version 0.29-a0-925-g0a7a3d12f8 (webtiles) character file.

Game seed: 13360089142476010416

3817 mcwallace the Magician (level 9, -2/52 HPs)
             Began as a Deep Elf Fire Elementalist on July 28, 2022.
             Was a Follower of Vehumet.
             Killed from afar by an orc wizard (4 damage)
             ... with a puff of flame
             ... on level 8 of the Dungeon.
             The game lasted 00:20:11 (10626 turns).

mcwallace the Magician (DEFE)                      Turns: 10626, Time: 00:20:12

Health: -2/52      AC:  5    Str:  5    XL:     9   Next: 97%
Magic:  9/22       EV: 15    Int: 25    God:    Vehumet [*.....]
Gold:   553        SH:  0    Dex: 15    Spells: 16/23 levels left

rFire   + . .      SeeInvis .   u - staff of fire {!astaff}
rCold   . . .      Faith    .   (no shield)
rNeg    . . .      Spirit   .   a - +0 robe
rPois   .          Reflect  .   G - +0 helmet
rElec   .          Harm     .   W - +1 cloak
rCorr   .          Rampage  .   (no gloves)
Will    .....                   (no boots)
Stlth   ++++......              (no amulet)
HPRegen 0.17/turn               (no ring)
MPRegen 0.18/turn               (no ring)

@: no status effects
A: no striking features
a: Renounce Religion


You were on level 8 of the Dungeon.
You worshipped Vehumet.
Vehumet was aware of your devotion.
You visited 2 branches of the dungeon, and saw 9 of its levels.

You collected 553 gold pieces.


   Skills:
 + Level 4.3 Fighting
 + Level 7.0 Dodging
 + Level 7.5 Stealth
 + Level 7.8 Spellcasting
 + Level 5.9 Conjurations
 + Level 6.9 Fire Magic
 + Level 5.1 Evocations


You had 16 spell levels left.
You knew the following spells:

 Your Spells              Type           Power      Damage    Failure   Level
a - Foxfire               Conj/Fire      100%       2x1d9     1%          1
b - Scorch                Fire           100%       2d10      1%          2
c - Flame Wave            Conj/Fire      59%        2d14      4%          4

Your spell library contained the following spells:

 Spells                   Type           Power      Damage    Failure   Level
 Sandblast                Erth           18%        2d7       6%          1
 Conjure Flame            Conj/Fire      59%        6-21      1%          3
 Static Discharge         Conj/Air       24%        3-6/arc   2%          2
 Inner Flame              Hex/Fire       40%        N/A       4%          3
 Sticky Flame             Conj/Fire      59%        2d7       4%          4
 Stone Arrow              Conj/Erth      48%        3d10      5%          3
 Ensorcelled Hibernation  Hex/Ice        18%        N/A       10%         2
 Passwall                 Tmut/Erth      7%         N/A       10%         2
 Swiftness                Air            9%         N/A       19%         3
 Animate Armour           Summ/Erth      18%        N/A       52%         4
 Dispel Undead            Necr           9%         3d8       52%         4
 Lehudib's Crystal Spear  Conj/Erth      12%        10d4      100%        8

Inventory:

Hand Weapons
 c - a +4 dagger {short}
   (You took it off an orc wizard on level 6 of the Dungeon)
 l - a +0 shortbow of flaming {bow}
   (You took it off a centaur on level 6 of the Dungeon)
 s - a +1 vampiric spear {polearm}
   (You took it off a gnoll sergeant on level 7 of the Dungeon)
 E - a +2 vorpal trident {polearm}
   (You took it off Robin on level 3 of the Dungeon)
 F - a +4 whip of pain {mace}
   (You took it off a gnoll on level 7 of the Dungeon)
Missiles
 d - 76 stones {throwing}
 q - a curare-tipped dart {=fthrowing}
 B - 2 boomerangs {throwing}
 N - a boomerang of dispersal {=f!fthrowing}
 Q - 4 poisoned darts {throwing}
Armour
 a - a +0 robe (worn)
 G - a +0 helmet (worn)
   (You took it off Robin on level 3 of the Dungeon)
 L - a +0 leather armour
   (You took it off an orc on level 4 of the Dungeon)
 M - a +0 leather armour
   (You took it off an orc on level 4 of the Dungeon)
 O - a +0 ring mail
   (You took it off an orc on level 4 of the Dungeon)
 R - a +0 ring mail
   (You found it on level 4 of the Dungeon)
 S - a +0 leather armour
   (You found it on level 5 of the Dungeon)
 U - a +0 robe
   (You took it off an orc wizard on level 5 of the Dungeon)
 V - a +0 chain mail
   (You took it off an orc on level 5 of the Dungeon)
 W - a +1 cloak (worn)
   (You found it on level 5 of the Dungeon)
 Y - a +0 animal skin
   (You took it off an orc on level 5 of the Dungeon)
 Z - a +0 robe
   (You took it off an orc wizard on level 6 of the Dungeon)
Magical Staves
 u - a staff of fire (weapon) {!astaff}
   (You found it on level 3 of the Dungeon)
Wands
 A - a wand of iceblast (14)
   (You found it on level 3 of the Dungeon)
 D - a wand of flame (11)
   (You found it on level 7 of the Dungeon)
Scrolls
 e - 3 scrolls of teleportation {@r4}
 f - 4 scrolls of magic mapping {!r}
 g - a scroll of butterflies {unknown}
 i - a scroll of noise {unknown}
 n - 2 scrolls of fear {unknown}
 r - 2 scrolls of torment {unknown}
 t - a scroll of brand weapon {unknown}
 w - a scroll of silence {unknown}
 x - 2 scrolls of blinking {unknown}
 C - a scroll of enchant weapon {unknown}
 H - a scroll of identify {unknown}
 K - 2 scrolls of vulnerability {unknown}
 X - a scroll of summoning {unknown}
Potions
 b - 4 potions of magic
 h - 9 potions of curing {unknown}
 j - 2 potions of cancellation {unknown}
 k - 4 potions of degeneration {unknown}
 m - a potion of brilliance {unknown}
 o - a potion of attraction {unknown}
 p - a potion of lignification {unknown}
 v - a potion of invisibility {unknown}
 z - 2 potions of mutation {unknown}
 I - 2 potions of flight {unknown}
 J - 2 potions of heal wounds {unknown}
 P - 4 potions of resistance {unknown}
 T - a potion of haste {unknown}
Miscellaneous
 y - a lightning rod (4/4)
   (You found it on level 3 of the Dungeon)

Dungeon Overview and Level Annotations

Branches:
Dungeon (8/15) Zot: 26580  Temple (1/1) D:7 Zot: 5975
   Lair: D:8-11

Altars:
Dithmenos
Elyvilon
Fedhas
Hepliaklqana
Kikubaaqudgha
Qazlal
Sif Muna
Trog
Uskayaw
Vehumet
Wu Jian
Xom
Yredelemnul
Zin
The Shining One

Shops:
D:2 * D:8

! # # # # ###### # .....#
########## # .....# #<)......#
#######
....โˆฉ###########.##########......
....o....{......@.............>##
....)###########.####...........#
....ยง# #######.####.#......##.#
...... .............#.#........
)o).)....#######.#....#.#.....#.#
ooo.)............#.##...#.....#.#
...).....#########.###.......<..#
.{)).....# #.# #..#.##.####
.........# #.# ##.>.......#


There were no monsters in sight!


Message History

You feel a surge of power!
You conjure some foxfire!
The foxfire hits the orc!
You kill the orc!
Vehumet accepts your kill.
An orc warrior comes into view.
It is wielding a +0 short sword of speed.
An orc comes into view. It is wielding a +0 flail. ๐Ÿ˜Ž MP[-3]
You lost 3 mp, and now have 13/22 mp.
You feel a surge of power!
You conjure some foxfire!
The foxfire hits the orc warrior but does no damage. ๐Ÿ˜Ž MP[-1]
You lost 1 mp, and now have 12/22 mp.
You feel a surge of power!
You conjure some foxfire!
The foxfire hits the orc!
You kill the orc!
Vehumet accepts your kill.
You can now gain magical power from killing.
Vehumet offers you knowledge of Sandblast.
The foxfire hits the orc warrior! ๐Ÿ˜Ž MP[-1]
You lost 1 mp, and now have 11/22 mp.
The foxfire hits the orc warrior but does no damage. x2
An orc comes into view. It is wielding a +0 flail.
The foxfire hits the orc warrior but does no damage.
An orc comes into view.
It is wielding a +2 falchion of draining. ๐Ÿ˜Ž MP[+1]
You feel a surge of power!
You conjure some foxfire!
The orc shouts!
You hear a shout! ๐Ÿ˜Ž MP[-1]
You lost 1 mp, and now have 11/22 mp.
You feel a surge of power!
You conjure some foxfire!
The foxfire hits the orc warrior. x2
The orc warrior unwields a +0 short sword of speed.
The orc warrior wields a +0 arbalest.
The orc warrior shoots a bolt.
The bolt closely misses you.
An orc wizard comes into view. It is wielding a +0 dagger.
An orc comes into view. It is wielding a +0 mace. ๐Ÿ˜Ž MP[-1]
You lost 1 mp, and now have 10/22 mp.
You feel a surge of power!
You conjure some foxfire!
The foxfire hits the orc warrior but does no damage.
An orc comes into view.
It is wielding a +0 falchion. ๐Ÿ˜Ž MP[-1]
You lost 1 mp, and now have 9/22 mp.
You feel a surge of power!
You conjure some foxfire!
The foxfire hits the orc. x3
You kill the orc!
Vehumet accepts your kill.
The orc wizard casts a spell.
The orc wizard flickers and vanishes!
Deactivating autopickup; reactivate with Ctrl-A. ๐Ÿ˜Ž MP[-1]
You lost 1 mp, and now have 8/22 mp.
You feel a surge of power!
You conjure some foxfire!
The foxfire hits the orc.
The foxfire hits the orc!
You kill the orc!
Vehumet accepts your kill.
The orc warrior shoots a bolt.
The bolt closely misses you.
An orc wizard comes into view. It is wielding a +0 dagger.
An orc comes into view. It is wielding a +0 mace. ๐Ÿ˜Ž MP[-1]
You lost 1 mp, and now have 7/22 mp.
You feel a surge of power!
You conjure some foxfire!
The foxfire hits the orc warrior.
The foxfire hits the orc warrior but does no damage.
The orc warrior shoots a bolt.
The bolt hits you!!
The orc wizard gestures wildly while chanting.
The orc wizard flickers and vanishes! ๐Ÿ˜ฎ HP[-23]
You take 23 damage, and now have 29/52 hp.
MASSIVE DAMAGE!! (PAUSE)
The foxfire hits the orc but does no damage.
The foxfire hits the orc warrior but does no damage.
The orc warrior shoots a bolt.
The bolt hits you!
* * * LOW HITPOINT WARNING * * *
๐Ÿ˜จ HP[-10]
You take 10 damage, and now have 19/52 hp.
The orc warrior shoots a bolt.
The bolt closely misses you. ๐Ÿ˜จ HP[+1] MP[+1]
The orc warrior shoots a bolt.
The bolt hits you!!
* * * LOW HITPOINT WARNING * * *
๐Ÿ˜ฑ HP[-19]
You take 19 damage, and now have 1/52 hp.
MASSIVE DAMAGE!! (PAUSE)
Aiming: Thunderbolt
Press: ? - help, Q - select action, (/) - cycle Shift-Dir - straight line
Okay, then.
Aiming: Iceblast
Press: ? - help, Q - select action, (/) - cycle Shift-Dir - straight line The mass of ice explodes!
The iceblast engulfs the orc warrior!!
You kill the orc warrior!
Vehumet accepts your kill.
The iceblast engulfs the orc!
You kill the orc!
Vehumet accepts your kill.
The orc throws a boomerang.
The boomerang closely misses you.
Aiming: Iceblast
Press: ? - help, Q - select action, (/) - cycle Shift-Dir - straight line
Okay, then. ๐Ÿ˜ฑ HP[+1] MP[+1]
A puff of flame appears from out of thin air!
The puff of flame hits you. You resist.
You die...

Skill      XL: |  1  2  3  4  5  6  7  8  9 |
---------------+----------------------------+-----
Fighting       | 1 2 3 4 |  4.3
Dodging        | 3 4 5 7 |  7.0
Stealth        | 3 4 5 6 7 |  7.5
Spellcasting   | 4 5 6 7 |  7.8
Conjurations   | 2 3 4 5 |  5.9
Fire Magic     | 4 5 6 |  6.9
Evocations     | 1 2 3 5 |  5.1

Action                   |  1- 3 |  4- 6 |  7- 9 || total
-------------------------+-------+-------+-------++-------
Melee: Short sword       |    13 |     3 |       ||    16
       Staff             |       |    16 |    50 ||    66
 Cast: Foxfire           |    89 |   149 |   306 ||   544
       Scorch            |     2 |     5 |    32 ||    39
       Flame Wave        |       |       |     5 ||     5
Evoke: Lightning rod     |       |       |     3 ||     3
       Wand              |       |       |     1 ||     1
  Use: Scroll            |       |       |     2 ||     2
 Stab: Sleeping          |       |     2 |       ||     2
Armor: Robe              |     3 |     6 |    19 ||    28
Dodge: Dodged            |    18 |    17 |   132 ||   167

Levels and vault maps discovered:
D:1:      doesnt_arrival_eight_statues, layout_loops_cross
D:2:      layout_loops_ring, serial_shops, shop, minivault_11, uniq_sigmund
D:3:      layout_basic, shapermc_ecumenical_altar_pompeii,
          hellmonk_ghost_happy_afterlife, minmay_checkerbox, uniq_robin,
          uniq_grinder
D:4:      layout_loops_ring, nicolae_kikubaaqudgha_miasma_corner,
          nzn_wu_jian_contemplation
D:5:      minmay_evil_eye, layout_basic, trog_butcher_becter,
          nicolae_elyvilon_temple_path, led_sif_pool
D:6:      layout_loops_ring, uniq_blork_the_orc
D:7:      layout_rooms, nicolae_uskayaw_murder_on_the_dancefloor,
          gammafunk_temple_overflow_statue, temple_doors_e
D:8:      layout_basic, serial_shops, shop
Temple:   nicolae_temple_bog_church

Notes
Turn   | Place    | Note
-------+----------+-------------------------------------------
     0 | D:1      | mcwallace the Deep Elf Fire Elementalist began the quest
                  | for the Orb.
     0 | D:1      | Reached XP level 1. HP: 10/10 MP: 6/6
     0 | D:1      | magus.rc [v1.9.6]
   342 | D:1      | Reached XP level 2. HP: 15/15 MP: 6/8
   972 | D:1      | You pick up a book of Touch and begin reading...
   972 | D:1      | You add the spells Static Discharge, Sticky Flame and
                  | Dispel Undead to your library.
  1326 | D:2      | Learned a level 2 spell: Scorch
  1414 | D:2      | Reached XP level 3. HP: 11/20 MP: 5/9
  1862 | D:2      | Noticed Sigmund
  1877 | D:2      | HP: 4/20 [Sigmund/magic dart (8)]
  1878 | D:2      | Killed Sigmund
  1879 | D:2      | Reached skill level 1 in Fighting
  1879 | D:2      | Reached skill level 3 in Dodging
  1879 | D:2      | Reached skill level 3 in Stealth
  1879 | D:2      | Reached skill level 4 in Spellcasting
  1879 | D:2      | Reached skill level 2 in Conjurations
  1879 | D:2      | Reached skill level 4 in Fire Magic
  1879 | D:2      | Reached XP level 4. HP: 5/25 MP: 0/12
  1879 | D:2      | Reached XP level 5. HP: 6/29 MP: 0/13
  2280 | D:2      | Found Duuc's General Store.
  3282 | D:3      | Found a faded altar of an unknown god.
  3399 | D:3      | Noticed LynnLen's ghost (amateur DrTm)
  3433 | D:3      | Found a runed translucent door.
  3522 | D:3      | Reached XP level 6. HP: 34/34 MP: 11/14
  3965 | D:3      | Reached skill level 4 in Stealth
  4071 | D:3      | Noticed Grinder
  4079 | D:3      | Killed Grinder
  4080 | D:3      | Reached skill level 2 in Fighting
  4080 | D:3      | Reached skill level 4 in Dodging
  4080 | D:3      | Reached skill level 3 in Conjurations
  4080 | D:3      | Reached skill level 1 in Evocations
  4379 | D:3      | Noticed Robin
  4385 | D:3      | Killed Robin
  4386 | D:3      | Reached skill level 5 in Spellcasting
  4519 | D:3      | Killed LynnLen's ghost
  4520 | D:3      | Reached XP level 7. HP: 40/40 MP: 8/16
  4688 | D:4      | Found an ancient bone altar of Kikubaaqudgha.
  5112 | D:4      | You pick up a book of Armaments and begin reading...
  5112 | D:4      | You add the spells Stone Arrow, Animate Armour and
                  | Lehudib's Crystal Spear to your library.
  5447 | D:4      | Found an ornate altar of the Wu Jian Council.
  5581 | D:4      | Reached skill level 2 in Evocations
  5784 | D:4      | Reached skill level 5 in Stealth
  5967 | D:4      | You pick up a book of Burglary and begin reading...
  5967 | D:4      | You add the spells Passwall, Ensorcelled Hibernation and
                  | Swiftness to your library.
  5983 | D:4      | Reached skill level 5 in Fire Magic
  6243 | D:5      | Entered Level 5 of the Dungeon
  6399 | D:5      | Reached skill level 4 in Conjurations
  6399 | D:5      | Reached XP level 8. HP: 21/45 MP: 4/18
  6401 | D:5      | HP: 9/45 [orc priest/+0 short sword (3)]
  6693 | D:5      | Reached skill level 5 in Dodging
  6779 | D:5      | Reached skill level 6 in Spellcasting
  6842 | D:5      | Reached skill level 3 in Evocations
  6938 | D:5      | Found a bloodstained altar of Trog.
  7045 | D:5      | HP: 11/45 [black bear (6)]
  7047 | D:5      | Reached skill level 3 in Fighting
  7433 | D:5      | Reached skill level 6 in Stealth
  7689 | D:5      | Found a white marble altar of Elyvilon.
  7780 | D:5      | Found a shimmering blue altar of Sif Muna.
  7882 | D:6      | Reached skill level 5 in Conjurations
  7882 | D:6      | Reached skill level 6 in Fire Magic
  7882 | D:6      | Reached XP level 9. HP: 19/51 MP: 1/21
  8087 | D:6      | Reached skill level 4 in Evocations
  8285 | D:6      | Reached skill level 6 in Dodging
  8345 | D:6      | Reached skill level 7 in Spellcasting
  8349 | D:6      | Noticed Blork the orc
  8354 | D:6      | Killed Blork the orc
  8949 | D:7      | Learned a level 4 spell: Flame Wave
  8971 | D:7      | Found a hide-covered altar of Uskayaw.
  9053 | D:7      | Found a staircase to the Ecumenical Temple.
  9079 | Temple   | Entered the Ecumenical Temple
  9092 | Temple   | Became a worshipper of Vehumet
  9131 | D:7      | Reached skill level 7 in Stealth
  9322 | D:7      | Found a hazy altar of Hepliaklqana.
  9322 | D:7      | Found a basalt altar of Yredelemnul.
  9402 | D:7      | Reached skill level 4 in Fighting
  9410 | D:7      | HP: 12/52 [orc wizard/magic dart (6)]
  9431 | D:7      | HP: 13/52 [orc wizard/+0 dagger (2)]
  9447 | D:7      | HP: 8/52 [sky beast (6)]
 10215 | D:8      | Reached skill level 5 in Evocations
 10584 | D:8      | Found Oshaofafowk's Distillery.
 10596 | D:8      | Reached skill level 7 in Dodging
 10606 | D:8      | Reached * piety under Vehumet
 10606 | D:8      | Offered knowledge of Sandblast by Vehumet.
 10619 | D:8      | HP: 1/52 [orc warrior/bolt (19)]
 10626 | D:8      | Killed from afar by an orc wizard

Vanquished Creatures
  Grinder (D:3)
  A wyvern (D:8)
  Sigmund (D:2)
  A steam dragon (D:6)
  A water moccasin (D:6)
  A black bear (D:5)
  2 orc warriors
  3 sky beasts
  4 ogres
  The ghost of LynnLen the Magician, an amateur DrTm (D:3)
  3 centaurs
  A kobold brigand (D:6)
  4 bullfrogs
  Blork the orc (D:6)
  2 necrophages (D:5)
  A gnoll sergeant (D:7)
  4 scorpions
  2 howler monkeys (D:5)
  5 hounds
  3 jellies
  4 orc priests
  2 gnoll boudas
  4 iguanas
  5 orc wizards
  Robin (D:3)
  4 adders
  12 gnolls
  2 shadow imps
  2 white imps
  An ufetubus (D:5)
  3 worms
  2 dart slugs (D:1)
  27 orcs
  10 endoplasms
  6 giant cockroaches
  9 hobgoblins
  9 jackals
  13 kobolds
  5 quokkas
  6 ball pythons
  4 bats
  5 frilled lizards
  14 goblins
  5 rats
197 creatures vanquished.

Vanquished Creatures (others)
  896 foxfires
  A plant (D:5)
897 creatures vanquished.

Grand Total: 1094 creatures vanquished

Table legend:
 A = Non-vault XP
 B = Vault XP
 C = Vault XP percentage of total XP
 D = Non-vault monster count
 E = Vault monster count
 F = Vault count percentage of total count
                 A         B        C        D         E       F
            +---------+---------+-------+---------+---------+-------
      Total |    4543 |     910 |  16.7 |     168 |      29 |  14.7
            +---------+---------+-------+---------+---------+-------
        D:1 |      34 |       0 |   0.0 |      17 |       0 |   0.0
        D:2 |      39 |     214 |  84.6 |      19 |       1 |   5.0
        D:3 |     109 |     444 |  80.3 |      23 |      19 |  45.2
        D:4 |     337 |       0 |   0.0 |      29 |       0 |   0.0
        D:5 |     949 |     165 |  14.8 |      19 |       8 |  29.6
        D:6 |    1262 |      87 |   6.4 |      23 |       1 |   4.2
        D:7 |    1036 |       0 |   0.0 |      21 |       0 |   0.0
        D:8 |     777 |       0 |   0.0 |      17 |       0 |   0.0
            +---------+---------+-------+---------+---------+-------

Illustrated notes

Table legend:
 A = Kills in this place as a percentage of kills in entire the game.
 B = Kills by you in this place as a percentage of kills by you in the entire game.
 C = Kills by friends in this place as a percentage of kills by friends in the entire game.
 D = Other kills in this place as a percentage of other kills in the entire game.
 E = Experience gained in this place as a percentage of experience gained in the entire game.
 F = Experience gained in this place divided by the number of levels of this place that you have seen.
                   A       B       C       D       E      F
               +-------+-------+-------+-------+-------+----------------------
         Total | 100.0 | 100.0 |   N/A |   N/A | 100.0 | 605.9
       Dungeon | 100.0 | 100.0 |   N/A |   N/A | 100.0 | 681.6
               +-------+-------+-------+-------+-------+----------------------

Table legend: (Time is in decaauts)
 A = Elapsed time spent in this place.
 B = Non-inter-level travel time spent in this place.
 C = Inter-level travel time spent in this place.
 D = Time resting spent in this place.
 E = Time spent auto-exploring this place.
 F = Levels seen in this place.
 G = Mean time per level.
                   A        B        C        D        E       F      G
               +--------+--------+--------+--------+--------+-----+--------+
         Total |  10641 |  10467 |    174 |    619 |   8576 |   9 | 1182.3 |
       Dungeon |  10617 |  10452 |    165 |    619 |   8571 |   8 | 1327.1 |
        Temple |     24 |     15 |      9 |      0 |      5 |   1 |   24.0 |
               +--------+--------+--------+--------+--------+-----+--------+

Top non-repeatable levels by time:
     D:5: 1798 daAuts
     D:4: 1645 daAuts
     D:3: 1641 daAuts
     D:2: 1581 daAuts
     D:1: 1382 daAuts
     D:7: 1081 daAuts
     D:6: 1068 daAuts
     D:8: 418 daAuts
  Temple: 24 daAuts
